 Dungeon Crawl Stone Soup version 0.29.1-13-g9f3cf754e1 (webtiles) character file.

Game seed: 18118422096274238920

34011 croobank the Summoner (level 13, -2/157 HPs)
             Began as a Demigod Summoner on Feb 9, 2023.
             Succumbed to a black mamba's poison
             ... on level 3 of the Lair of Beasts.
             The game lasted 01:25:37 (21327 turns).

croobank the Summoner (Demigod Summoner)           Turns: 21327, Time: 01:25:37

Health: -2/157     AC: 12    Str: 13    XL:     13   Next: 10%
Magic:  18/38      EV: 15    Int: 35    God:
Gold:   589        SH:  0    Dex: 17    Spells: 12/28 levels left

rFire   . . .      SeeInvis +   L - +9 trident "Gupucw" {venom, rC+++ Int+2 Dex+3}
rCold   + + +      Faith    .   (no shield)
rNeg    + . .      Spirit   .   w - +1 troll leather armour
rPois   +          Reflect  .   (no helmet)
rElec   +          Harm     .   C - +1 cloak of Vurauniv {rElec}
rCorr   .          Rampage  .   W - +1 pair of gloves "Naik" {rElec MP+9 Str+4}
Will    +++++      Clarity  +   t - +1 pair of boots
Stlth   ..........              q - amulet of the Four Winds {rN+ Will+++ Clar}
HPRegen 1.16/turn               i - ring of protection from cold
MPRegen 0.26/turn               g - ring "Paer" {Contam rPois rC+ Will++ SInv}

@: berserking, lethally poisoned (-2 -> -18), hasted, studying Long Blades, very
quick
A: high MP 1, forlorn, divine attributes
a: no special abilities


You were on level 3 of the Lair of Beasts.
You visited 2 branches of the dungeon, and saw 16 of its levels.
You also visited: Bailey.

You collected 859 gold pieces.
You spent 270 gold pieces at shops.

Inventory:

Hand Weapons
 m - a +0 broad axe
 L - the +9 trident "Gupucw" (weapon) {venom, rC+++ Int+2 Dex+3}
   (You found it on level 6 of the Dungeon)

   It poisons the flesh of those it strikes.
   Int:       It affects your intelligence (+2).
   Dex:       It affects your dexterity (+3).
   rC:        It renders you almost immune to cold.
 P - a +7 long sword
 S - the +8 whip "Snakebite" {venom, curare, rPois}
   (You found it on level 1 of the Lair of Beasts)

   It poisons the flesh of those it strikes.
   It occasionally inflicts asphyxiating poison on those it strikes, dealing
   poison damage and causing slowness.
   rPois:     It protects you from poison.
 U - a +2 dagger of speed
Missiles
 e - 44 poisoned darts (quivered)
 z - 3 javelins
 A - 2 curare-tipped darts
 J - 2 atropa-tipped darts
 K - 6 silver javelins
Armour
 c - a scarf of repulsion
 f - +0 steam dragon scales
 t - a +1 pair of boots (worn)
 w - a +1 troll leather armour (worn)
 C - the +1 cloak of Vurauniv (worn) {rElec}
   (You found it on level 4 of the Dungeon)

   rElec:     It insulates you from electricity.
 H - a +2 kite shield
 M - the +1 ring mail of Noon {Str+2}
   (You found it on level 6 of the Dungeon)

   Str:       It affects your strength (+2).
 W - the +1 pair of gloves "Naik" (worn) {rElec MP+9 Str+4}
   (You found it in a bailey)

   Str:       It affects your strength (+4).
   rElec:     It insulates you from electricity.
   MP:        It affects your magic capacity (+9).
Jewellery
 g - the ring "Paer" (right hand) {Contam rPois rC+ Will++ SInv}
   (You found it on level 4 of the Dungeon)

   [ring of protection from cold]

   rC:        It protects you from cold.
   rPois:     It protects you from poison.
   SInv:      It lets you see invisible.
   Contam:    It causes magical contamination when unequipped.
   Will:      It greatly increases your willpower.
 i - a ring of protection from cold (left hand)
 q - the amulet of the Four Winds (around neck) {rN+ Will+++ Clar}
   (You found it on level 3 of the Dungeon)

   [amulet of nothing]

   rN:        It protects you from negative energy.
   Clar:      It protects you against confusion.
   Will:      It greatly increases your willpower.
 r - a ring of ice
 B - a ring of fire
 E - a ring of protection from fire
 O - an amulet of the acrobat
 T - a ring of ice
Wands
 o - a wand of digging (6)
 x - a wand of charming (5)
 F - a wand of flame (44)
 G - a wand of mindburst (14)
 Q - a wand of roots (17)
Scrolls
 a - a scroll of butterflies
 l - 4 scrolls of magic mapping
 p - 3 scrolls of silence
 u - a scroll of vulnerability
 y - 3 scrolls of teleportation
 N - 3 scrolls of immolation
Potions
 b - 5 potions of might
 d - 2 potions of curing
 h - 3 potions of invisibility
 j - 3 potions of attraction
 k - 2 potions of brilliance
 s - a potion of heal wounds
 v - 2 potions of haste
 D - 2 potions of flight
 I - 3 potions of mutation
 X - 2 potions of magic
 Y - a potion of resistance
Miscellaneous
 n - a phial of floods


   Skills:
 + Level 7.3 Fighting
 + Level 7.3 Long Blades
 + Level 5.9 Armour
 + Level 6.9 Dodging
 + Level 7.8 Stealth
 + Level 5.1 Shields
 * Level 8.2 Spellcasting
 - Level 5.0 Hexes
 * Level 9.4 Summonings
 - Level 7.0 Air Magic


You had 12 spell levels left.
You knew the following spells:

 Your Spells              Type           Power      Damage    Failure   Level
a - Summon Small Mammal   Summ           100%       N/A       1%          1
b - Call Imp              Summ           69%        N/A       1%          2
c - Call Canine Familiar  Summ           69%        N/A       1%          3
d - Summon Guardian Gole  Hex/Summ       60%        N/A       1%          3
e - Summon Lightning Spi  Summ/Air       64%        N/A       1%          4
f - Swiftness             Air            59%        N/A       1%          3

Your spell library contained the following spells:

 Spells                   Type           Power      Damage    Failure   Level
 Shock                    Conj/Air       100%       1d9       1%          1
 Airstrike                Air            29%        2d(5-21)  1%          4
 Magic Dart               Conj           56%        1d5       3%          1
 Searing Ray              Conj           28%        2d5       5%          2
 Sublimation of Blood     Necr           14%        N/A       5%          2
 Gell's Gravitas          Tloc           14%        N/A       11%         3
 Teleport Other           Tloc           14%        N/A       11%         3
 Fulminant Prism          Conj/Hex       15%        3d11      13%         4
 Animate Dead             Necr           14%        N/A       36%         4
 Petrify                  Tmut/Erth      14%        N/A       36%         4
 Borgnjor's Vile Clutch   Necr/Erth      7%         N/A       71%         5
 Irradiate                Conj/Tmut      7%         3d14      71%         5
 Death Channel            Necr           7%         N/A       99%         6
 Dispersal                Tloc           7%         N/A       99%         6


Dungeon Overview and Level Annotations

Branches:
Dungeon (13/15)            Temple (0/1) D:5            Lair (3/5) D:11
  Swamp (0/4) Lair:2        Snake (0/4) Lair:2          Orc (0/2) D:9
 Bailey (visited)
 Vaults: D:13-14

Shops:
D:6 [   D:8 =   D:11 *


Innate Abilities, Weirdness & Mutations

You have an increased reservoir of magic. (+10% MP)
You shall have no god before yourself.
Your divine heritage dramatically boosts your attributes as you level up.


Message History

The roots release their grip on the black mamba.
The black mamba bites you but does no damage.
The black mamba bites you.
* * * LOW HITPOINT WARNING * * *
You are poisoned.
The black mamba poisons you!
Okay, then.
You feel better. The black mamba bites you!
* * * LOW HITPOINT WARNING * * *
A red film seems to cover your vision as you go berserk!
You feel yourself moving faster!
You feel mighty!
The black mamba bites you but does no damage.
You closely miss the black mamba.
The black mamba is heavily wounded.
The black mamba misses you. The black mamba closely misses you.
You hit the black mamba. Your punch misses the black mamba.
The black mamba is severely wounded.
The black mamba bites you!
* * * LOW HITPOINT WARNING * * *
You are poisoned.
The black mamba poisons you! The black mamba bites you.
* * * LOW HITPOINT WARNING * * *
You are lethally poisoned!
The black mamba poisons you!
You are too berserk!
You barely miss the black mamba.
The black mamba is severely wounded.
* * * LOW HITPOINT WARNING * * *
You feel extremely sick. The black mamba misses you.
Sorry, you're not good enough to have a special ability.
A dream sheep comes into view.
* * * LOW HITPOINT WARNING * * *
You feel very sick.
The dream sheep bleats!
The black mamba closely misses you.
Okay, then.
You are too berserk!
You feel a strong urge to attack something.
You die...

.......☼.☼.>.............?....
.....P.○.°<8>.....†...........
......Y°...<..................
.......#...§...#..............
...D...##.....##..............
.......P##...##P.P............
..............$..S†...........
.......Y......................
................@.............
..............................
..[....D.....................
.......F....................
.....D......................
...........?................
..................Y.........
........................


You could see a black mamba (very poisoned) and a dream sheep.

Vanquished Creatures
  Fannar (Lair:1)
  2 elephants (Lair:1)
  3 black mambas
  A torpor snail (Lair:3)
  Maggie (D:10)
  A komodo dragon (Lair:1)
  A polar bear (Lair:1)
  4 blink frogs (Lair:1)
  Prince Ribbit (Bailey)
  A nameless horror (D:8)
  4 wyverns
  A shadow (D:11)
  A vampire (D:9)
  6 yaks
  A basilisk (Lair:2)
  2 vampire mosquitoes (D:10)
  4 water moccasins (Lair:1)
  A black bear (D:6)
  An orc warrior (D:10)
  A sky beast (D:6)
  A kobold brigand (D:11)
  3 bullfrogs (Bailey)
  A killer bee (D:9)
  An electric eel (Lair:2)
  A hound (D:6)
  2 gnolls
  7 adders
  A dart slug (D:2)
  7 orcs
  2 bats
  4 endoplasms
  A giant cockroach (D:4)
  3 goblins
  5 hobgoblins
  A jackal (D:2)
  3 kobolds
  2 ball pythons
  A frilled lizard (D:1)
84 creatures vanquished.

Vanquished Creatures (collateral kills)
  A hydra (Lair:3)
  A two-headed ogre (D:7)
  A death yak (Lair:3)
  A cyclops (D:12)
  4 elephants
  A black mamba (Lair:1)
  The ghost of GloriousHammer the Cutter, a novice VSBr (D:6)
  A cane toad (Lair:3)
  2 hornets (Lair:2)
  A blink frog (Lair:1)
  5 dream sheep (Lair:2)
  3 wyverns
  5 yaks
  2 humans (Bailey)
  A vampire mosquito (D:10)
  3 steam dragons
  An acid dragon (D:12)
  9 water moccasins
  7 nagas (Lair:2)
  5 swamp worms (Lair:2)
  2 ice beasts (D:7)
  2 ogres (D:9)
  4 black bears
  A sky beast (D:8)
  A centaur (D:11)
  2 phantoms
  4 kobold brigands
  A necrophage (D:7)
  8 bullfrogs
  3 gnoll sergeants
  2 scorpions
  A wight (D:7)
  3 killer bees (D:9)
  A howler monkey (D:7)
  A nameless horror (D:8)
  A jelly (D:5)
  2 orc priests
  2 hounds
  Ijyb (D:3)
  5 iguanas
  6 orc wizards
  Natasha (thrice) (D:3)
  11 adders
  18 gnolls
  A shadow imp (D:7)
  2 white imps
  An ufetubus (D:7)
  3 worms
  A dart slug (D:2)
  18 orcs
  3 endoplasms
  2 giant cockroaches (D:3)
  8 goblins
  2 hobgoblins (D:2)
  7 jackals
  4 ball pythons (D:1)
  3 bats
  4 frilled lizards
  18 kobolds
  3 rats
220 creatures vanquished.

Vanquished Creatures (others)
  2 vault guards (Bailey)
  3 hydras
  2 two-headed ogres (D:10)
  4 elephants
  2 black mambas (Lair:2)
  Joseph (D:7)
  2 cane toads
  3 trolls
  A dream sheep (Lair:2)
  6 humans (Bailey)
  Eustachio (D:6)
  A wraith (D:9)
  11 yaks
  Menkaure (D:4)
  2 water moccasins
  A black bear (D:7)
  3 ogres
  3 centaurs
  2 kobold brigands (D:9)
  4 gnoll sergeants
  6 bullfrogs
  10 killer bees
  2 gnoll boudas
  An orc wizard (D:8)
  5 gnolls
  2 adders
  6 orcs
  A hobgoblin (D:4)
  4 kobolds
  A bush (Lair:3)
  12 fungi
  58 plants
  4 withered plants (D:10)
167 creatures vanquished.

Grand Total: 471 creatures vanquished

Notes
Turn   | Place    | Note
-------+----------+-------------------------------------------
     0 | D:1      | croobank the Demigod Summoner began the quest for the Orb.
     0 | D:1      | Reached XP level 1. HP: 14/14 MP: 5/5
   710 | D:1      | Reached XP level 2. HP: 20/20 MP: 4/7
   713 | D:1      | Learned a level 2 spell: Call Imp
  1603 | D:2      | Reached XP level 3. HP: 26/26 MP: 3/9
  1991 | D:2      | Reached skill level 4 in Summonings
  2299 | D:2      | Learned a level 3 spell: Call Canine Familiar
  3290 | D:3      | Found the amulet of the Four Winds {rN+ Will+++ Clar}
  3475 | D:3      | Reached XP level 4. HP: 31/33 MP: 7/10
  3884 | D:3      | Noticed Ijyb
  3895 | D:3      | Killed Ijyb
  4317 | D:3      | Reached XP level 5. HP: 38/38 MP: 2/12
  4321 | D:3      | Learned a level 3 spell: Summon Guardian Golem
  4412 | D:3      | Noticed Natasha
  4422 | D:3      | Killed Natasha
  4423 | D:3      | Reached skill level 1 in Fighting
  4645 | D:3      | Noticed Natasha
  4652 | D:3      | Killed Natasha
  4672 | D:3      | Noticed Natasha
  4682 | D:3      | Killed Natasha
  4969 | D:4      | Noticed Menkaure
  4977 | D:4      | Killed Menkaure
  4978 | D:4      | Reached skill level 1 in Hexes
  4978 | D:4      | Reached XP level 6. HP: 48/48 MP: 1/13
  5009 | D:4      | Identified the +1 cloak of Vurauniv {rElec}
  5556 | D:4      | Identified the ring "Paer" {Contam rPois rC+ Will++ SInv}
  6429 | D:5      | Entered Level 5 of the Dungeon
  6523 | D:5      | Reached XP level 7. HP: 33/56 MP: 15/15
  7121 | D:5      | Reached skill level 5 in Summonings
  7603 | D:5      | Found a staircase to the Ecumenical Temple.
  7924 | D:6      | Learned a level 4 spell: Summon Lightning Spire
  7979 | D:6      | Found Ekhlijyfi's Antique Armour Shoppe.
  8096 | D:6      | Reached XP level 8. HP: 66/66 MP: 7/17
  8104 | D:6      | Reached skill level 1 in Armour
  8123 | D:6      | Reached skill level 1 in Air Magic
  8570 | D:6      | Identified the +9 trident "Gupucw" {venom, rC+++ Int+2
                  | Dex+3}
  8570 | D:6      | Identified the +1 ring mail of Noon {Str+2}
  8571 | D:6      | Found a transporter.
  8607 | D:6      | Noticed GloriousHammer's ghost (novice VSBr)
  8637 | D:6      | Noticed Eustachio
  8663 | D:6      | Killed Eustachio
  8827 | D:6      | Found a transporter.
  9914 | D:6      | Killed GloriousHammer's ghost
  9915 | D:6      | Reached skill level 5 in Stealth
  9915 | D:6      | Reached XP level 9. HP: 53/73 MP: 16/19
 10287 | D:7      | Reached skill level 5 in Fighting
 10331 | D:7      | Reached skill level 1 in Long Blades
 10354 | D:7      | Noticed a two-headed ogre
 10359 | D:7      | Killed a two-headed ogre
 10360 | D:7      | Reached skill level 1 in Shields
 10360 | D:7      | Reached skill level 6 in Summonings
 10966 | D:7      | Noticed Joseph
 10997 | D:7      | Killed Joseph
 10998 | D:7      | Reached skill level 5 in Spellcasting
 11500 | D:8      | Reached skill level 5 in Dodging
 11817 | D:8      | Reached XP level 10. HP: 81/81 MP: 12/21
 12541 | D:8      | Found Useesum's Jewellery Boutique.
 13137 | D:9      | Found a flagged portal.
 13150 | Bailey   | Entered a bailey
 13199 | Bailey   | Learned a level 3 spell: Swiftness
 13252 | Bailey   | Reached skill level 5 in Hexes
 13524 | Bailey   | Reached skill level 7 in Summonings
 13727 | Bailey   | Noticed Prince Ribbit
 13727 | Bailey   | Noticed a vault guard
 13738 | Bailey   | Killed Prince Ribbit
 13741 | Bailey   | Killed a vault guard
 13748 | Bailey   | Noticed a vault guard
 13767 | Bailey   | Killed a vault guard
 13768 | Bailey   | Reached skill level 5 in Air Magic
 14044 | Bailey   | Identified the +1 pair of gloves "Naik" {rElec MP+9 Str+4}
 14156 | D:9      | Reached XP level 11. HP: 89/89 MP: 23/23
 14576 | D:9      | Found a staircase to the Orcish Mines.
 15181 | D:10     | Entered Level 10 of the Dungeon
 15235 | D:10     | Noticed a two-headed ogre
 15251 | D:10     | Killed a two-headed ogre
 16211 | D:10     | Noticed a two-headed ogre
 16217 | D:10     | Killed a two-headed ogre
 16470 | D:10     | Noticed Maggie
 16480 | D:10     | Killed Maggie
 16481 | D:10     | Reached skill level 5 in Long Blades
 16766 | D:11     | Found a staircase to the Lair.
 16801 | D:11     | Found Omuopoh's Assorted Antiques.
 16806 | D:11     | Bought a scroll of blinking for 135 gold pieces
 17198 | D:11     | Bought a scroll of enchant armour for 135 gold pieces
 18088 | Lair:1   | Entered Level 1 of the Lair of Beasts
 18090 | Lair:1   | Noticed a seven-headed hydra
 18101 | Lair:1   | Killed a seven-headed hydra
 18102 | Lair:1   | Reached skill level 8 in Summonings
 18353 | Lair:1   | Reached XP level 12. HP: 91/97 MP: 26/26
 18427 | Lair:1   | Reached skill level 5 in Armour
 19004 | Lair:1   | Noticed Fannar
 19023 | Lair:1   | Killed Fannar
 19429 | Lair:1   | Found the +8 whip "Snakebite" {venom, curare, rPois}
 19797 | Lair:2   | Found a staircase to the Swamp.
 20290 | Lair:2   | Reached skill level 9 in Summonings
 20449 | Lair:2   | Found a staircase to the Snake Pit.
 21008 | Lair:3   | Noticed an eight-headed hydra
 21025 | Lair:3   | Noticed a six-headed hydra
 21026 | Lair:3   | Noticed a six-headed hydra
 21276 | Lair:3   | Killed a six-headed hydra
 21280 | Lair:3   | Killed an eight-headed hydra
 21281 | Lair:3   | Reached XP level 13. HP: 105/105 MP: 23/29
 21291 | Lair:3   | Reached skill level 5 in Shields
 21325 | Lair:3   | HP: 6/157 [poisoned by a black mamba]
 21326 | Lair:3   | HP: 2/157 [poisoned by a black mamba]
 21327 | Lair:3   | Succumbed to a black mamba's poison

Illustrated notes

Levels and vault maps discovered:
D:1:      lightli_molten_gateway, layout_basic
D:2:      layout_basic, hellmonk_ecumenical_altar_zigzags
D:3:      layout_loops_corners, nzn_hepliaklqana_mist_gate, old_standard_altar,
          mainiacjoe_overflow_brackets, uniq_natasha, uniq_ijyb
D:4:      layout_basic, vehumet_crystals, minmay_misc_feat_nine_boxes,
          uniq_menkaure
D:5:      layout_loops_ring, nicolae_elyvilon_temple_path,
          minmay_temple_entry_enclosed_plants
D:6:      layout_rooms, nicolae_overflow_two_pavilions, nicolae_ru_awakened_eye,
          gammafunk_ghost_gnarly_gnolls, serial_shops,
          nicolae_inconvenience_store, minivault_27, uniq_eustachio
D:7:      layout_basic, minmay_fractal_squares_5, uniq_joseph
D:8:      layout_rooms, nzn_wu_jian_contemplation, serial_shops,
          nicolae_shop_crystal
D:9:      layout_basic, kennysheep_orc_monster_closet_entryway, enter_bailey_2,
          roderic_roman_lattice
D:10:     layout_basic, kiku_gazebo_garden_becter, amcnicky_altar_gilded,
          uniq_maggie
D:11:     layout_stronghold, lair_entry_dummy, serial_shops,
          kennysheep_little_box
D:12:     layout_rooms, enter_trove_1, nrook_mini_vaults
D:13:     layout_roguey, minmay_misc_feat_more_columns, bh_circular_ruins
Lair:1:   minmay_guarded_unrand_snakebite, layout_regular_city, uniq_fannar
Lair:2:   minmay_lair_venomous_thicket, layout_regular_city,
          nicolae_swamp_entry_splash_gauntlet,
          minmay_snake_entry_guardpost_large
Lair:3:   layout_layer_cave, evilmike_ambush [evilmike_ambush_outer_corners,
          evilmike_ambush_inner_basic]

Skill      XL: |  1  2  3  4  5  6  7  8  9 10 11 12 13 |
---------------+----------------------------------------+-----
Stealth        | 2 3 4 5 6 7 |  7.8
Dodging        | 2 3 4 5 6 |  6.9
Spellcasting   | 2 3 4 5 7 8 |  8.2
Summonings     | 4 5 6 7 8 9 |  9.4
Fighting       | 1 2 3 4 5 6 7 |  7.3
Hexes          | 1 2 3 4 5 |  5.0
Armour         | 2 3 4 5 |  5.9
Air Magic      | 2 3 5 6 7 |  7.0
Long Blades    | 2 4 5 7 |  7.3
Shields        | 1 2 3 4 5 |  5.1

Action                   |  1- 3 |  4- 6 |  7- 9 | 10-12 | 13-15 || total
-------------------------+-------+-------+-------+-------+-------++-------
Melee: Dagger            |    67 |       |       |       |       ||    67
       Punch             |     2 |       |       |     3 |       ||     5
       Quarterstaff      |       |    55 |    58 |    55 |       ||   168
       Trident           |       |       |       |   197 |    16 ||   213
Throw: Dart              |       |       |     2 |       |       ||     2
 Cast: Summon Small Mamm |    61 |    29 |    33 |    21 |       ||   144
       Call Imp          |    22 |    18 |    12 |    10 |       ||    62
       Call Canine Famil |     6 |    13 |    22 |    37 |       ||    78
       Summon Guardian G |       |    10 |    26 |    81 |     3 ||   120
       Summon Lightning  |       |       |    10 |    44 |     2 ||    56
Evoke: Wand              |       |       |     1 |     5 |     1 ||     7
  Use: Scroll            |     3 |       |    15 |    18 |     1 ||    37
       Potion            |       |       |     3 |     4 |     4 ||    11
 Stab: Sleeping          |     5 |     2 |       |     2 |       ||     9
       Distracted        |     1 |       |     1 |     4 |     1 ||     7
       Invisible         |       |       |       |     2 |       ||     2
Armor: Robe              |    23 |    19 |    21 |       |       ||    63
       Ring mail         |       |       |    19 |    92 |       ||   111
       Troll leather arm |       |       |       |    62 |    13 ||    75
Dodge: Dodged            |    53 |    45 |    64 |   323 |    22 ||   507
